 Dungeon Crawl Stone Soup version 0.30-a0-12-gd8047c6341 (webtiles) character file.

Game seed: 13766474628021437765

6972 drpainis the Basher (level 10, -23/90 (91) HPs)
             Began as a Minotaur Berserker on Aug 23, 2022.
             Annihilated by a white ugly thing (25 damage)
             ... on level 9 of the Dungeon.
             The game lasted 00:10:03 (9071 turns).

drpainis the Basher (Minotaur Berserker)            Turns: 9071, Time: 00:10:04

HP:   -23/90 (91)   AC:  6    Str: 31    XL:     10   Next: 81%
MP:   0/9           EV: 13    Int:  4    God:
Gold: 648           SH:  0    Dex: 14    Spells: 9/9 levels left

rFire   . . .      SeeInvis .    D - +12 great mace of Nonen {pain, *Rage Dex+3}
rCold   . . .      Faith    .    (shield currently unavailable)
rNeg    . . .      Spirit   +    w - +0 ring mail
rPois   .          Reflect  .    (helmet restricted)
rElec   .          Harm     .    (no cloak)
rCorr   .          Rampage  .    (no gloves)
Will    .....      Rage     20%  (no boots)
Stlth   ++........               G - amulet of guardian spirit
HPRegen 0.25/turn                E - +6 ring of strength
MPRegen 0.11/turn                (no ring)

@: on berserk cooldown, slowed, lightly drained, very slow
A: horns 2, retaliatory headbutt
a: no special abilities


You were on level 9 of the Dungeon.
You visited 1 branch of the dungeon, and saw 8 of its levels.

You collected 648 gold pieces.

Inventory:

Hand Weapons
 a - a +0 hand axe
 l - a +1 mace of holy wrath
 x - a +0 war axe
 B - a +2 antimagic morningstar
 D - the +12 great mace of Nonen (weapon) {pain, *Rage Dex+3}
   (You found it on level 5 of the Dungeon)

   In the hands of one skilled in necromantic magic, it inflicts extra damage on
   living creatures.
   Dex:       It affects your dexterity (+3).
   *Rage:     It berserks you when you make melee attacks (+20% chance).
Missiles
 K - a throwing net (quivered)
Armour
 b - a +0 animal skin
 w - a +0 ring mail (worn)
 A - a +0 ring mail
Jewellery
 f - a +6 ring of intelligence
 t - a ring of ice
 E - a +6 ring of strength (left hand)
 G - an amulet of guardian spirit (around neck)
Wands
 y - a wand of paralysis (6)
 H - a wand of mindburst (17)
Scrolls
 c - 3 scrolls of butterflies {unknown}
 g - 10 scrolls of identify {unknown}
 k - 2 scrolls of enchant armour {unknown}
 m - 2 scrolls of brand weapon {unknown}
 n - 4 scrolls of vulnerability {unknown}
 r - 3 scrolls of magic mapping {unknown}
 s - 3 scrolls of amnesia {unknown}
 u - 3 scrolls of teleportation {unknown}
 J - a scroll of enchant weapon {unknown}
 L - a scroll of blinking {unknown}
Potions
 d - 2 potions of brilliance
 e - 4 potions of attraction {unknown}
 h - 3 potions of invisibility {unknown}
 i - 5 potions of heal wounds {unknown}
 j - 2 potions of lignification {unknown}
 o - a potion of haste {unknown}
 p - 4 potions of mutation {unknown}
 q - 2 potions of ambrosia {unknown}
 v - 2 potions of curing {unknown}
 z - 2 potions of flight {unknown}
 C - a potion of resistance {unknown}
 F - 4 potions of magic {unknown}
 I - a potion of degeneration {unknown}
 M - a potion of might {unknown}
 N - a potion of cancellation {unknown}


   Skills:
 + Level 9.6 Fighting
 + Level 9.9(12.1) Axes
 + Level 11.1(12.6) Maces & Flails
 + Level 7.0 Armour
 + Level 5.8 Dodging
 + Level 4.0 Stealth


You had 9 spell levels left.
You didn't know any spells.
Your spell library contained the following spells:

 Spells                   Type           Power      Damage    Failure   Level
 Tukima's Dance           Hex            0%         N/A       93%         3
 Passage of Golubria      Tloc           0%         N/A       100%        4
 Yara's Violent Unravell  Hex/Tmut       0%         3d3       100%        5


Dungeon Overview and Level Annotations

Branches:
Dungeon (7/15)             Temple (0/1) D:5             Orc (0/2) D:9

Altars:
Elyvilon
Hepliaklqana
Okawaru
Sif Muna
Trog
The Shining One

Shops:
D:1 [   D:9 (


Innate Abilities, Weirdness & Mutations

You have a pair of horns on your head.
You reflexively headbutt those who attack you in melee.


Message History

The red ugly thing closely misses you. The red ugly thing pecks you.
You are engulfed in flames!!
You see here a pink potion.
The red ugly thing attacks as you move away!
The red ugly thing barely misses you.
Sorry, you're not good enough to have a special ability.
Unknown command.
The red ugly thing attacks as you move away!
The red ugly thing barely misses you.
The red ugly thing attacks as you move away!
The red ugly thing pecks you but does no damage.
The red ugly thing basks in the mutagenic energy from its kin and changes!
Sorry, you're not good enough to have a special ability.
Okay, then.
Okay, then.
The cyan ugly thing basks in the mutagenic energy from its kin and changes!
The cyan ugly thing basks in the mutagenic energy from its kin and changes!
A wight comes into view. It is wielding a +2 great sword.
The wight hits you with a +2 great sword.
You feel drained.
A red film seems to cover your vision as you go berserk!
You feel yourself moving faster!
You feel mighty!
You bludgeon the wight!!
You destroy the wight!
Items here: $ ) ? [.
You feel a strong urge to attack something.
You feel your anger nearly subside.
You are no longer berserk.
You are exhausted.
You feel yourself slow down. The white ugly thing misses you.
You furiously retaliate!
You headbutt the white ugly thing, but do no damage.
The white ugly thing attacks as you move away!
The white ugly thing misses you.
The white ugly thing closely misses you.
The white ugly thing pecks you. The white ugly thing freezes you!!
* * * LOW HITPOINT WARNING * * *
The white ugly thing pecks you!
* * * LOW HITPOINT WARNING * * *
The white ugly thing freezes you!!
You die...

################# #######
#................ #....)#
#..............>. #.....#
#..###'##.####### .)....######
#..#....#.#...... ...........#
#..#....#.#......
...........######..#....+.#......
...............u...######.#######
...)...........u@................
#############################...#
[###.###.###.###.###)###.## #...#
#.#)#.#.#.#.#.#.#.#.#.#.#.###...#
u#.###.###.###.###.###)###.##...#
#.#.#.#.#.#.#.#†#.#.#.#.###.#....
)#.#.###.###.###.###.###.#.##....
#.#.#.#.#.#.#.#.#.#.#.###.###....
##.#.#.###u###.# #.###.#.#.##....


You could see 2 ugly things.

Vanquished Creatures
  A two-headed ogre (D:9)
  Joseph (D:7)
  2 trolls (D:9)
  A hornet (D:9)
  Prince Ribbit (D:5)
  Grinder (D:5)
  A vampire (D:9)
  The ghost of Sobieck the Destroyer, an amateur TeCj of Vehumet (D:4)
  A wraith (D:9)
  4 wyverns (D:9)
  Eustachio (D:6)
  5 water moccasins
  2 orc warriors
  A sky beast (D:7)
  2 ice beasts (D:6)
  2 black bears (D:6)
  2 centaurs
  2 phantoms
  A kobold brigand (D:7)
  6 bullfrogs
  A gnoll sergeant (D:7)
  A necrophage (D:6)
  3 scorpions (D:6)
  3 wights (D:9)
  4 killer bees (D:9)
  2 howler monkeys (D:9)
  4 orc priests
  5 hounds
  4 jellies
  Natasha (thrice) (D:4)
  6 iguanas
  12 orc wizards
  7 gnolls
  16 adders
  A shadow imp (D:6)
  2 ufetubi (D:6)
  A worm (D:5)
  A dart slug (D:1)
  38 orcs
  4 ball pythons
  9 endoplasms
  3 giant cockroaches
  6 hobgoblins
  4 quokkas
  5 bats
  4 frilled lizards
  9 goblins
  13 kobolds
  2 rats
211 creatures vanquished.

Vanquished Creatures (others)
  6 plants (D:6)
6 creatures vanquished.

Grand Total: 217 creatures vanquished

Notes
Turn   | Place    | Note
-------+----------+-------------------------------------------
     0 | D:1      | drpainis the Minotaur Berserker began the quest for the
                  | Orb.
     0 | D:1      | Reached XP level 1. HP: 19/19 MP: 0/0
   314 | D:1      | Reached XP level 2. HP: 26/27 MP: 1/1
   713 | D:1      | Found Opuocov's Armour Emporium.
  1026 | D:2      | Reached ** piety under Trog
  1027 | D:2      | Reached XP level 3. HP: 21/33 MP: 2/2
  1244 | D:2      | Reached XP level 4. HP: 31/41 MP: 3/3
  1412 | D:2      | Found a glowing golden altar of the Shining One.
  2001 | D:3      | Found a faded altar of an unknown god.
  2319 | D:3      | Reached skill level 5 in Axes
  2505 | D:3      | Reached XP level 5. HP: 36/47 MP: 4/4
  3228 | D:4      | Found a runed translucent door.
  3231 | D:4      | Noticed Sobieck's ghost (amateur TeCj)
  3243 | D:4      | Reached skill level 5 in Fighting
  3422 | D:4      | Noticed Natasha
  3430 | D:4      | Killed Natasha
  3431 | D:4      | Reached XP level 6. HP: 29/56 MP: 5/5
  3442 | D:4      | Reached skill level 1 in Stealth
  3692 | D:4      | Reached *** piety under Trog
  3787 | D:4      | Noticed Natasha
  3795 | D:4      | Killed Natasha
  3875 | D:4      | Noticed Natasha
  3888 | D:4      | Killed Natasha
  3893 | D:4      | Reached XP level 7. HP: 51/62 MP: 6/6
  4299 | D:4      | Killed Sobieck's ghost
  4399 | D:5      | Entered Level 5 of the Dungeon
  4425 | D:5      | Noticed Prince Ribbit
  4437 | D:5      | Killed Prince Ribbit
  4893 | D:5      | Reached XP level 8. HP: 66/71 MP: 7/7
  5248 | D:5      | Found a staircase to the Ecumenical Temple.
  5681 | D:5      | Noticed Grinder
  5681 | D:5      | Paralysed by Grinder for 2 turns
  5687 | D:5      | Identified the +12 great mace of Nonen {pain, *Rage Dex+3}
  5692 | D:5      | Killed Grinder
  5693 | D:5      | Reached skill level 5 in Dodging
  5799 | D:5      | Found an iron altar of Okawaru.
  6056 | D:6      | Reached skill level 1 in Maces & Flails
  6058 | D:6      | Reached skill level 2 in Maces & Flails
  6306 | D:6      | Found a hazy altar of Hepliaklqana.
  6316 | D:6      | Reached skill level 3 in Maces & Flails
  6321 | D:6      | Reached XP level 9. HP: 60/79 MP: 8/8
  6561 | D:6      | Found a bloodstained altar of Trog.
  6637 | D:6      | Reached skill level 5 in Armour
  6638 | D:6      | Reached skill level 4 in Maces & Flails
  6800 | D:6      | Noticed Eustachio
  6810 | D:6      | Killed Eustachio
  6811 | D:6      | Reached skill level 5 in Maces & Flails
  7085 | D:6      | Found a shimmering blue altar of Sif Muna.
  7270 | D:6      | Reached skill level 6 in Maces & Flails
  7602 | D:7      | Noticed Joseph
  7607 | D:7      | Killed Joseph
  7608 | D:7      | Reached skill level 7 in Maces & Flails
  7757 | D:7      | Fell from the grace of Trog
  7950 | D:7      | Reached skill level 8 in Maces & Flails
  8104 | D:7      | You fall into a shaft and drop 2 floors!
  8112 | D:9      | Found a white marble altar of Elyvilon.
  8151 | D:9      | Found Navokku's Weapon Emporium.
  8153 | D:9      | Found a staircase to the Orcish Mines.
  8214 | D:9      | Reached XP level 10. HP: 90/90 MP: 9/9
  8340 | D:9      | Noticed a two-headed ogre
  8341 | D:9      | Killed a two-headed ogre
  8342 | D:9      | Reached skill level 9 in Maces & Flails
  8406 | D:9      | Reached skill level 10 in Maces & Flails
  8594 | D:9      | Paralysed by Trog for 2 turns
  9011 | D:9      | Reached skill level 11 in Maces & Flails
  9011 | D:9      | Noticed a centaur warrior
  9012 | D:9      | Noticed a red ugly thing
  9013 | D:9      | Noticed a cyan ugly thing
  9071 | D:9      | HP: 2/90 [white ugly thing (6)]
  9071 | D:9      | Annihilated by a white ugly thing

Illustrated notes

Levels and vault maps discovered:
D:1:      amcnicky_arrival_blooded_trapdoor, layout_loops_cross, serial_shops,
          shop
D:2:      layout_rooms, basic_altar
D:3:      layout_loops_cross, hellmonk_ecumenical_altar_crossroads,
          portal_sewer_entry_e, minmay_vboxes
D:4:      layout_basic, ebering_ghost_sewer_d, st_stairs_13,
          minmay_stone_trees_small, uniq_natasha
D:5:      layout_basic, okawaru_altar_gauntlet_db,
          minmay_temple_entry_offerings, chequers_avenue, uniq_prince_ribbit1,
          uniq_grinder
D:6:      layout_loops_ring, nicolae_hepliaklqana_hazy_memory,
          trog_butcher_becter, mainiacjoe_overflow_alcove_1,
          hangedman_decor_slide_cut, minmay_increasing_density, uniq_eustachio
D:7:      layout_loops_ring, uniq_joseph
D:9:      minmay_imperfect_grid, layout_irregular_city,
          mainiacjoe_overflow_small_starburst,
          mainiacjoe_overflow_cross_hatched, orc_david_3

Skill      XL: |  1  2  3  4  5  6  7  8  9 10 |
---------------+-------------------------------+-----
Axes           | 4 5 6 7 8 9 |  9.9
Fighting       | 4 5 6 7 8 9 |  9.6
Dodging        | 3 4 5 |  5.8
Stealth        | 1 2 4 |  4.0
Armour         | 4 6 7 |  7.0
Maces & Flails | 3 8 11 | 11.1

Action                   |  1- 3 |  4- 6 |  7- 9 | 10-12 || total
-------------------------+-------+-------+-------+-------++-------
Melee: Hand axe          |    55 |    97 |       |       ||   152
       Headbutt          |     6 |    13 |    26 |     8 ||    53
       War axe           |       |    34 |    87 |       ||   121
       Punch             |       |     1 |       |       ||     1
       Great mace        |       |       |   105 |    44 ||   149
Invok: Berserk           |     1 |     2 |     3 |       ||     6
       Trog's Hand       |       |     2 |     1 |       ||     3
 Stab: Sleeping          |       |       |     2 |     4 ||     6
       Distracted        |       |       |       |     1 ||     1
Armor: Animal skin       |     9 |    17 |     2 |       ||    28
       Ring mail         |       |       |    52 |    10 ||    62
Dodge: Dodged            |    37 |    92 |   136 |    33 ||   298

Table legend: (Time is in decaauts)
 A = Elapsed time spent in this place.
 B = Non-inter-level travel time spent in this place.
 C = Inter-level travel time spent in this place.
 D = Time resting spent in this place.
 E = Time spent auto-exploring this place.
 F = Levels seen in this place.
 G = Mean time per level.
                   A        B        C        D        E       F      G
               +--------+--------+--------+--------+--------+-----+--------+
         Total |   9346 |   9128 |    218 |      0 |   7583 |   8 | 1168.2 |
       Dungeon |   9346 |   9128 |    218 |      0 |   7583 |   8 | 1168.2 |
               +--------+--------+--------+--------+--------+-----+--------+

Top non-repeatable levels by time:
     D:6: 1814 daAuts
     D:5: 1513 daAuts
     D:4: 1301 daAuts
     D:3: 1189 daAuts
     D:9: 1014 daAuts
     D:1: 992 daAuts
     D:2: 989 daAuts
     D:7: 529 daAuts
